 Dungeon Crawl Stone Soup version 0.18.1-51-gd549091e01 (webtiles) character file.

116 magog001 the Skirmisher (level 4, 0/40 HPs)
             Began as a Draconian Fighter on Feb 8, 2021.
             Slain by an orc
             ... wielding a +0 whip
              (1 damage)
             ... on level 3 of the Dungeon.
             The game lasted 00:07:53 (2103 turns).

magog001 the Skirmisher (Draconian Fighter)         Turns: 2103, Time: 00:07:54

Health: 0/40       AC:  6    Str: 25    XL:     4   Next: 69%
Magic:  4/4        EV: 10    Int:  8    God:
Gold:   113        SH:  9    Dex: 10    Spells: 0 memorised, 3 levels left

rFire  . . .     SeeInvis .     a - +0 war axe
rCold  . . .     Gourm    .     (armour unavailable)
rNeg   . . .     Faith    .     b - +0 shield
rPois  .         Spirit   .     (helmet restricted)
rElec  .         Dismiss  .     (no cloak)
rCorr  .         Reflect  .     (no gloves)
SustAt .         Harm     .     n - +0 pair of boots
MR     .....                    (no amulet)
Stlth  +.........               (no ring)
                                (no ring)

@: mighty, not resistant to hostile enchantments, very unstealthy
A: unfitting armour, cold-blooded, AC +5
a: no special abilities


You were on level 3 of the Dungeon.
You were not hungry.

You visited 1 branch of the dungeon, and saw 3 of its levels.

You collected 113 gold pieces.

Inventory:

Hand Weapons
 a - a +0 war axe (weapon)
 g - a +0 short sword of speed
Missiles
 j - 34 sling bullets
 v - 2 tomahawks (quivered)
Armour
 b - a +0 shield (worn)
 n - a +0 pair of boots (worn)
Jewellery
 u - an uncursed ring of flight {unknown}
Scrolls
 e - a scroll of amnesia {unknown}
 o - a scroll of identify {unknown}
 p - a scroll of enchant weapon {unknown}
 r - a scroll of fog {unknown}
 t - a scroll of remove curse {unknown}
 w - a scroll of blinking {unknown}
Potions
 h - a potion of lignification {unknown}
 i - a potion of flight {unknown}
 k - 2 potions of brilliance {unknown}
 q - a potion of heal wounds {unknown}
 s - a potion of curing {unknown}
 x - a potion of invisibility {unknown}
Comestibles
 d - 4 bread rations
 f - 2 meat rations
 m - a royal jelly


   Skills:
 * Level 4.1 Fighting
 * Level 2.5 Axes
 * Level 3.7 Dodging
 * Level 3.7 Shields


You had 3 spell levels left.
You didn't know any spells.

Dungeon Overview and Level Annotations

Branches:
Dungeon (3/15)

Altars:
Okawaru
Vehumet
The Shining One


Innate Abilities, Weirdness & Mutations

Your plain brown scales are hard (AC +5).
Your body does not fit into most forms of armour.
You are cold-blooded and may be slowed by cold attacks.


Message History

* * * LOW HITPOINT WARNING * * *
The orc closely misses you.
Drink which item? (? for menu, Esc to quit)
You feel very mighty all of a sudden. You block the orc's attack.
You closely miss the orc.
The orc is heavily wounded.
The orc priest casts a cantrip, but nothing happens.
The orc hits you but does no damage. x2
You barely miss the orc. You tail-slap the orc.
You kill the orc!
You block the orc priest's attack.
You slice the orc priest!!
You kill the orc priest!
The orc hits you with a whip.
* * * LOW HITPOINT WARNING * * *
You barely miss the orc. The orc hits you but does no damage.
You barely miss the orc. The orc closely misses you.
The orc hits you with a whip.
You die...

#..'...+ #.#
#.##...# #$#
#.###### #.#
#.# #o# #.# #o#
#.# #o# #.# #)#
#.###########.#
#..........@o.#
###############


You could see an orc.

Vanquished Creatures
  An orc priest (D:3)
  A gnoll (D:1)
  An adder (D:2)
  An ooze (D:1)
  A worm (D:2)
  3 giant geckos (D:1)
  5 orcs
  2 ball pythons
  3 giant cockroaches
  8 goblins
  7 hobgoblins
  4 kobolds
  A quokka (D:2)
  6 bats
  2 giant newts
  7 rats
53 creatures vanquished.

Notes
Turn   | Place    | Note
--------------------------------------------------------------
     0 | D:1      | magog001 the Draconian Fighter began the quest for the Orb.
     0 | D:1      | Reached XP level 1. HP: 19/19 MP: 1/1
   196 | D:1      | Reached XP level 2. HP: 26/26 MP: 2/2
   482 | D:1      | Reached XP level 3. HP: 31/31 MP: 3/3
   937 | D:2      | Found an iron altar of Okawaru.
  1125 | D:2      | Reached skill level 4 in Fighting
  1521 | D:2      | Reached XP level 4. HP: 29/40 MP: 4/4
  1981 | D:2      | Found a radiant altar of Vehumet.
  1983 | D:2      | Found a glowing golden altar of the Shining One.
  2101 | D:3      | HP: 1/40 [orc/whip (5)]
  2103 | D:3      | Slain by an orc

Skill      XL: |  1  2  3 |
---------------+----------+-----
Dodging        | 3 |  3.7
Fighting       | 4 |  4.1
Axes           | |  2.5
Shields        | |  3.7

Action                   |  1- 3 |  4- 6 || total
-------------------------+-------+-------++-------
Melee: War axe           |    93 |    38 ||   131
       Tailslap          |    14 |     4 ||    18
  Use: Potion            |       |     1 ||     1
  Eat: Chunk             |     2 |     1 ||     3
       Beef jerky        |       |     1 ||     1
Armor: Skin              |    33 |    15 ||    48
Dodge: Dodged            |    37 |    10 ||    47
Block: Shield            |    50 |    28 ||    78
